AoeStats
← 啊超

Arena

504772882Analyzed
4v4 RM · 25d ago on Sep 6, 2026· 40m 22s· 8 players
Game mode
Random Map
Map size
Large (8 player)
Population
200
Speed
Normal
Resources
Standard
Victory
Conquest
Starting age
Dark Age
Ending age
Imperial Age
RankedLock teamsTeams togetherTeam positionsShared explorationLock speedFull tech treeHidden civsTurbo modeCheats
Victory
Defeat
🇮🇹 Romans · Italy
1050
+14
🇸🇪 Magyars · Sweden
1041
+14
🇨🇳 Britons · China
1017
+15
🇹🇷 Turks · Türkiye
999
+15
🇨🇳 Britons · China
1031
-16
🇺🇸 Byzantines · United States
989
-14
🇨🇳 Bohemians · China
988
-14
🇺🇸 Slavs · United States
976
-14
张维为
10:49 Feudal Age
15:14 Castle Age
13:14 Double-Bit Axe
14:31 Horse Collar
21:41 Bow Saw
22:20 Wheelbarrow
21:47 Town Watch
25:04 Heavy Plow
29:33 Imperial Age
27:01 Gold Mining
27:37 Stone Mining
29:04 Fletching
29:15 Padded Archer Armor
29:38 Ballistics
30:56 Gold Shaft Mining
30:40 Hand Cart
30:35 Bodkin Arrow
30:56 Leather Archer Armor
31:08 Conscription
31:26 Bracer
32:29 Chemistry
32:28 Yeomen
32:03 Elite Longbowman
33:56 Forging
33:46 Scale Mail Armor
34:17 Ring Archer Armor
33:23 Pikeman
34:04 Squires
33:57 Treadmill Crane
34:29 Masonry
34:18 Murder Holes
35:51 Iron Casting
35:34 Halberdier
36:34 Chain Mail Armor
37:33 Blast Furnace
36:50 Chain Mail Armor
38:33 Plate Mail Armor
39:56 Siege Engineers
40:22 Architecture
40:03 Fortified Wall
[BEINT] SucaDuro
0:29 Loom
10:22 Feudal Age
11:22 Double-Bit Axe
19:38 Castle Age
18:01 Gold Mining
18:17 Stone Mining
18:23 Horse Collar
19:02 Scale Mail Armor
18:52 Man-at-Arms
20:40 Bow Saw
21:23 Long Swordsman
25:04 Wheelbarrow
26:41 Gold Shaft Mining
27:34 Forging
27:40 Chain Mail Armor
27:33 Scale Barding Armor
27:57 Squires
30:30 Hand Cart
33:02 Iron Casting
32:50 Chain Barding Armor
35:45 Imperial Age
34:03 Fletching
34:48 Ballistas
36:10 Bloodlines
36:00 Husbandry
38:38 Legionary
41:00 Blast Furnace
39:56 Bodkin Arrow
40:27 Ballistics
40:13 Siege Engineers
40:53 Conscription
The Outpost Man
12:47 Feudal Age
14:04 Double-Bit Axe
14:43 Gold Mining
16:55 Castle Age
14:52 Stone Mining
15:22 Loom
16:13 Wheelbarrow
15:21 Horse Collar
17:55 Heavy Plow
18:09 Bow Saw
19:36 Hand Cart
20:11 Hand Cart
26:01 Town Watch
26:22 Corvinian Army
28:01 Town Patrol
32:35 Imperial Age
30:19 Bloodlines
30:09 Husbandry
31:52 Scale Barding Armor
33:30 Chain Barding Armor
33:06 Elite Magyar Huszar
34:07 Conscription
35:01 Plate Barding Armor
35:44 Recurve Bow
35:36 Fletching
35:46 Padded Archer Armor
36:45 Thumb Ring
36:01 Elite Skirmisher
37:07 Parthian Tactics
36:03 Heavy Cavalry Archer
37:52 Bodkin Arrow
38:12 Leather Archer Armor
38:19 Ballistics
39:03 Chemistry
39:57 Bracer
40:27 Ring Archer Armor
capo53
11:02 Feudal Age
16:00 Castle Age
14:11 Double-Bit Axe
14:29 Horse Collar
15:16 Town Watch
20:38 Loom
20:39 Town Watch
24:09 Imperial Age
24:18 Bow Saw
25:32 Heavy Plow
29:52 Ballistics
36:45 Fletching
36:56 Padded Archer Armor
40:38 Wheelbarrow
39:48 Town Watch
BE4STboi
0:32 Loom
11:09 Feudal Age
12:33 Wheelbarrow
11:53 Double-Bit Axe
12:15 Horse Collar
19:05 Castle Age
17:50 Gold Mining
17:53 Stone Mining
17:57 Fletching
18:59 Forging
21:24 Fervor
22:34 Husbandry
21:56 Light Cavalry
32:06 Bow Saw
32:03 Heavy Plow
33:18 Gold Shaft Mining
32:25 Pikeman
33:35 Squires
33:21 Gambesons
33:31 Man-at-Arms
34:01 Arson
37:50 Imperial Age
35:55 Hand Cart
37:22 Long Swordsman
38:34 Ballistics
38:12 Murder Holes
38:29 Fortified Wall
38:57 Conscription
38:06 Elite Skirmisher
Mayor Goldie Wilson
11:57 Feudal Age
17:03 Castle Age
15:42 Stone Mining
16:14 Double-Bit Axe
16:51 Loom
18:30 Bow Saw
18:03 Horse Collar
19:38 Wheelbarrow
25:21 Heavy Plow
25:28 Detinets
27:33 Scale Barding Armor
28:15 Pikeman
29:25 Elite Skirmisher
33:31 Padded Archer Armor
36:25 Imperial Age
啊超
10:53 Feudal Age
15:26 Castle Age
14:21 Double-Bit Axe
14:24 Horse Collar
28:38 Imperial Age
27:16 Fletching
28:00 Bodkin Arrow
28:37 Padded Archer Armor
31:43 Chemistry
31:04 Ballistics
31:27 Bracer
31:28 Padded Archer Armor
34:25 Treadmill Crane
34:34 Crossbowman
35:18 Arbalester
shelvey
10:22 Feudal Age
14:12 Castle Age
15:49 Double-Bit Axe
20:10 Fervor
20:27 Bow Saw
20:35 Horse Collar
24:32 Wheelbarrow
24:21 Heavy Plow
29:11 Imperial Age
28:02 Chemistry
26:44 Treadmill Crane
28:22 Hand Cart
27:53 Town Watch
27:58 Loom
28:35 Sanctity
29:11 Masonry
29:04 Town Patrol
28:49 Pikeman
29:31 Squires
29:35 Halberdier
30:29 Forging
30:19 Scale Mail Armor
29:52 Houfnice
32:36 Iron Casting
32:17 Chain Mail Armor
32:08 Siege Engineers
33:11 Conscription
Connection lost

Rejoining the realm…

Still unreachable

The connection could not be restored.

Session expired

The server has moved on; the page needs a fresh start.